 Dungeon Crawl Stone Soup version 0.30-a0-292-g0f741e3f8e (webtiles) character file.

Game seed: 9477812191564981504

299 plokij the Slasher (level 6, 0/55 HPs)
             Began as a Minotaur Fighter on Oct 17, 2022.
             Slain by a scorpion (5 damage)
             ... on level 4 of the Dungeon.
             The game lasted 00:08:10 (2602 turns).

plokij the Slasher (Minotaur Fighter)               Turns: 2602, Time: 00:08:11

Health: 0/55       AC: -4    Str: 20    XL:     6   Next: 13%
Magic:  5/5        EV:  8    Int:  5    God:
Gold:   179        SH:  9    Dex: 12    Spells: 5/5 levels left

rFire   . . .      SeeInvis .    a - +0 long sword
rCold   . . .      Faith    .    o - +0 kite shield
rNeg    . . .      Spirit   .    b - +0 scale mail
rPois   .          Reflect  .    (helmet restricted)
rElec   .          Harm     .    (no cloak)
rCorr   .          Rampage  .    (no gloves)
Will    .....                    (no boots)
Stlth   ..........               k - amulet of the acrobat
HPRegen 0.29/turn                (no ring)
MPRegen 0.09/turn                (no ring)

@: corroded
A: horns 2, retaliatory headbutt
a: no special abilities


You were on level 4 of the Dungeon.
You visited 1 branch of the dungeon, and saw 4 of its levels.

You collected 179 gold pieces.

Inventory:

Hand Weapons
 a - a +0 long sword (weapon)
Armour
 b - a +0 scale mail (worn)
 o - a +0 kite shield (worn)
Jewellery
 f - a ring of fire
 k - an amulet of the acrobat (around neck)
Scrolls
 c - a scroll of magic mapping {unknown}
 h - a scroll of blinking {unknown}
 i - 6 scrolls of identify {unknown}
 l - 3 scrolls of enchant armour {unknown}
 m - a scroll of teleportation {unknown}
 p - a scroll of fear {unknown}
 q - a scroll of poison {unknown}
Potions
 d - a potion of might
 e - 3 potions of degeneration {unknown}
 g - 2 potions of curing {unknown}
 j - a potion of experience {unknown}
 n - a potion of flight {unknown}


   Skills:
 + Level 4.8 Fighting
 + Level 5.1 Long Blades
 + Level 4.8 Armour
 * Level 1.3 Dodging
 + Level 4.8 Shields


You had 5 spell levels left.
You didn't know any spells.
Your spell library contained the following spells:

 Spells                   Type           Power      Damage    Failure   Level
 Sublimation of Blood     Necr           0%         N/A       99%         2
 Petrify                  Tmut/Erth      0%         N/A       100%        4
 Irradiate                Conj/Tmut      0%         3d11      100%        5
 Iskenderun's Battlesphe  Conj           0%         2d6       100%        5
 Iron Shot                Conj/Erth      0%         9d1       100%        6
 Spellforged Servitor     Conj/Summ      0%         N/A       100%        7


Dungeon Overview and Level Annotations

Branches:
Dungeon (4/15)
 Temple: D:4-7

Altars:

Annotations:
D:3 1 runed translucent door, Powertoast's ghost, amateur BaHu


Innate Abilities, Weirdness & Mutations

You have a pair of horns on your head.
You reflexively headbutt those who attack you in melee.


Message History

You headbutt the jelly, but do no damage.
You block the jelly's attack.
You barely miss the jelly.
The jelly is severely wounded.
The jelly hits you.
You are splashed with acid!
* * * LOW HITPOINT WARNING * * *
You slash the jelly!
You kill the jelly!
A scorpion comes into view.
The scorpion moves out of view.
You start resting.
A scorpion is nearby!
You completely miss the scorpion. You headbutt the scorpion.
The scorpion is moderately wounded.
The scorpion barely misses you.
You hit the scorpion.
The scorpion is heavily wounded.
You block the scorpion's attack. The scorpion closely misses you.
You furiously retaliate!
You headbutt the scorpion. You closely miss the scorpion.
The scorpion is heavily wounded.
The scorpion closely misses you.
You hit the scorpion.
You headbutt the scorpion, but do no damage.
The scorpion is heavily wounded.
The scorpion closely misses you. The scorpion stings you.
You barely miss the scorpion. Your headbutt misses the scorpion.
The scorpion is heavily wounded.
The scorpion stings you!
* * * LOW HITPOINT WARNING * * *
The scorpion stings you.
* * * LOW HITPOINT WARNING * * *
You barely miss the scorpion.
The scorpion is heavily wounded.
The scorpion stings you.
* * * LOW HITPOINT WARNING * * *
You hit the scorpion but do no damage.
The scorpion is heavily wounded.
The scorpion stings you.
You die...

##### ###..# ##...#
.....###. ##....
....... #.... .^...#
###...# ....#
......### #...#
........#### #...#
...........######.<.#
.########......s@..##
####.......#
##......# ##.....#
#.....# ##....##
##.....##
############.......#
...................##


You could see a scorpion.

Vanquished Creatures
  A bullfrog (D:4)
  A scorpion (D:4)
  A hound (D:4)
  A jelly (D:4)
  5 adders
  2 dart slugs (D:2)
  An orc (D:3)
  7 endoplasms
  2 giant cockroaches
  5 goblins
  3 hobgoblins
  7 quokkas
  5 ball pythons
  3 bats
  2 frilled lizards
  9 kobolds
  2 rats
57 creatures vanquished.

Notes
Turn   | Place    | Note
-------+----------+-------------------------------------------
     0 | D:1      | plokij the Minotaur Fighter began the quest for the Orb.
     0 | D:1      | Reached XP level 1. HP: 19/19 MP: 0/0
   251 | D:1      | Reached XP level 2. HP: 27/27 MP: 1/1
   285 | D:1      | Reached skill level 3 in Long Blades
   671 | D:2      | Reached XP level 3. HP: 33/33 MP: 2/2
  1281 | D:3      | Found a runed translucent door.
  1287 | D:3      | Noticed Powertoast's ghost (amateur BaHu)
  1693 | D:3      | Reached XP level 4. HP: 40/40 MP: 3/3
  2025 | D:4      | Noticed a scorpion
  2032 | D:4      | Noticed a bullfrog
  2052 | D:4      | Killed a scorpion
  2053 | D:4      | Reached skill level 4 in Long Blades
  2151 | D:4      | Killed a bullfrog
  2152 | D:4      | Reached XP level 5. HP: 47/47 MP: 4/4
  2269 | D:4      | Reached skill level 5 in Long Blades
  2356 | D:4      | Reached skill level 1 in Dodging
  2377 | D:4      | Reached XP level 6. HP: 55/55 MP: 5/5
  2602 | D:4      | Slain by a scorpion

Illustrated notes

Levels and vault maps discovered:
D:1:      wander_arrival_peaceful_grave, layout_basic
D:2:      layout_rooms, minivault_4
D:3:      layout_loops_corners, ebering_ghost_reflecting_pool
D:4:      layout_layer_cave

Skill      XL: |  1  2  3  4  5 |
---------------+----------------+-----
Long Blades    | 3 4 5 |  5.1
Armour         | 4 |  4.8
Shields        | 4 |  4.8
Fighting       | 4 |  4.8
Dodging        | 1 |  1.3

Action                   |  1- 3 |  4- 6 || total
-------------------------+-------+-------++-------
Melee: Long sword        |    94 |    59 ||   153
       Headbutt          |    11 |     7 ||    18
Armor: Scale mail        |    35 |    17 ||    52
Dodge: Dodged            |    49 |    26 ||    75
Block: Buckler           |    15 |       ||    15
       Kite shield       |     7 |    31 ||    38

Table legend: (Time is in decaauts)
 A = Elapsed time spent in this place.
 B = Non-inter-level travel time spent in this place.
 C = Inter-level travel time spent in this place.
 D = Time resting spent in this place.
 E = Time spent auto-exploring this place.
 F = Levels seen in this place.
 G = Mean time per level.
                   A        B        C        D        E       F      G
               +--------+--------+--------+--------+--------+-----+--------+
         Total |   2650 |   2419 |    231 |    134 |   1770 |   4 |  662.5 |
       Dungeon |   2650 |   2419 |    231 |    134 |   1770 |   4 |  662.5 |
               +--------+--------+--------+--------+--------+-----+--------+

Top non-repeatable levels by time:
     D:3: 913 daAuts
     D:1: 660 daAuts
     D:4: 576 daAuts
     D:2: 499 daAuts
